 Dungeon Crawl Stone Soup version 0.31.0-2-g5a2aebc5c2 (webtiles) character file.

Game seed: 14028906301472563427

20 Arctor the Vexing (level 3, 0/20 HPs)
             Began as a Kobold Hexslinger on Jan 21, 2024.
             Slain by a jackal (1 damage)
             ... on level 1 of the Dungeon.
             The game lasted 00:00:22 (276 turns).

Arctor the Vexing (Kobold Hexslinger)                Turns: 276, Time: 00:00:24

Health: 0/20       AC:  2    Str:  5    XL:     3   Next: 0%
Magic:  5/5        EV: 12    Int: 14    God:
Gold:   20         SH:  0    Dex: 19    Spells: 4/4 levels left

rFire   . . .        a - +1 sling
rCold   . . .        (no shield)
rNeg    . . .        c - +0 robe
rPois   .            (no helmet)
rElec   .            (no cloak)
rCorr   .            (no gloves)
SInv    .            (no boots)
Will    .....        (no amulet)
Stlth   +++          (no ring)
HPRegen 0.23/turn    (no ring)
MPRegen 0.09/turn

%: no passive effects
@: constricted
A: small, no large weapons, nightstalker 3
a: no special abilities


You were on level 1 of the Dungeon.
You visited 1 branch of the dungeon, and saw 2 of its levels.

You collected 20 gold pieces.

Inventory:

Hand Weapons
 a - a +1 sling (weapon)
Armour
 c - a +0 robe (worn)
Scrolls
 b - a scroll of poison
 d - a scroll of revelation {unknown}
 e - a scroll of fog {unknown}
 g - a scroll of teleportation {unknown}
Potions
 f - a potion of resistance {unknown}
 h - 2 potions of curing {unknown}


   Skills:
 + Level 1.5 Fighting
 + Level 3.0 Ranged Weapons
 + Level 2.7 Dodging
 + Level 1.3 Spellcasting
 + Level 3.1 Hexes
 - Level 1.3 Fire Magic


You had 4 spell levels left.
You didn't know any spells.
Your spell library contained the following spells:

 Spells                   Type           Power      Damage    Failure   Level
 Jinxbite                 Hex            18%        N/A       11%         2
 Sigil of Binding         Hex            9%         N/A       21%         3
 Inner Flame              Hex/Fire       7%         N/A       30%         3
 Cause Fear               Hex            4%         N/A       56%         4
 Dimensional Bullseye     Hex/Tloc       2%         N/A       78%         4


Dungeon Overview and Level Annotations

Branches:
Dungeon (2/15)

Altars:
Xom


Innate Abilities, Weirdness & Mutations

You are small and have problems with some larger weapons.
You are completely attuned to the shadows.


Message History

You are frozen.
The jackal barely misses you.
The endoplasm attacks as it pursues you!
The endoplasm barely misses you. The jackal attacks as it pursues you!
The jackal misses you.
A ball python comes into view. x2
The jackal bites you.
The ball python hisses angrily.
You shoot a sling bullet.
The sling bullet closely misses the ball python.
The ball python hisses angrily.
The jackal closely misses you. The jackal bites you.
* * * LOW HITPOINT WARNING * * *
The ball python misses you. x2; The jackal misses you.
You shoot a sling bullet.
The sling bullet barely misses the ball python.
The jackal barely misses you. The ball python closely misses you. x3
The ball python completely misses you. The jackal closely misses you.
The jackal misses you.
The jackal bites you but does no damage.
The ball python bites you but does no damage.
The ball python grabs you. The ball python constricts you.
The ball python closely misses you.
You shoot a sling bullet.
The sling bullet hits the jackal but does no damage.
The jackal completely misses you. The jackal barely misses you.
The jackal misses you. The ball python misses you.
The ball python constricts you. The ball python barely misses you.
The jackal bites you.
* * * LOW HITPOINT WARNING * * *
The jackal closely misses you. The jackal bites you.
* * * LOW HITPOINT WARNING * * *
You shoot a sling bullet.
The sling bullet closely misses the ball python.
The ball python bites you but does no damage.
The ball python constricts you.
* * * LOW HITPOINT WARNING * * *
The ball python bites you but does no damage.
The jackal closely misses you. The jackal bites you.
You die...

###########
#....(....#
#.........####
#.........#...
#...........#
####...........###
..##hhBJ..........)>.
...S@h#####.#####.###
..#S### #.B.....# #.
#.......# ..
#.......# ...
#.......# #......
....... #..####.


You could see an endoplasm, 3 jackals, a giant cockroach and 2 ball pythons.

Vanquished Creatures
  An adder (D:2)
  2 bats
  An endoplasm (D:2)
  A jackal (D:1)
  A quokka (D:2)
  2 ball pythons (D:2)
  2 frilled lizards (D:2)
  A kobold (D:1)
  A rat (D:2)
12 creatures vanquished.

Notes
Turn   | Place    | Note
-------+----------+-------------------------------------------
     0 | D:1      | Arctor the Kobold Hexslinger began the quest for the Orb.
     0 | D:1      | Reached XP level 1. HP: 12/12 MP: 2/2
     1 | D:1      | You fall into a shaft and drop 1 floor!
   111 | D:2      | Found a faded altar of an unknown god.
   120 | D:2      | Reached XP level 2. HP: 9/16 MP: 3/3
   236 | D:2      | Found a shimmering altar of Xom.
   261 | D:1      | Reached XP level 3. HP: 16/20 MP: 5/5
   276 | D:1      | HP: 1/20 [constriction (1)]
   276 | D:1      | Slain by a jackal

Illustrated notes

Levels and vault maps discovered:
D:1:      minmay_arrival_open_corners, layout_rooms
D:2:      layout_basic, basic_altar, ebering_ecumenical_altar_webs

Skill      XL: |  1  2 |
---------------+-------+-----
Ranged Weapons | 3 |  3.0
Fighting       | |  1.5
Dodging        | |  2.7
Spellcasting   | |  1.3
Hexes          | |  3.1
Fire Magic     | |  1.3

Action                     || total
---------------------------++-------
   Fire: Sling             ||    35
 Armour: Robe              ||    19
  Dodge: Dodged            ||    47
